 Dungeon Crawl Stone Soup version 0.32-a0-886-g41c5271027 (webtiles) character file.

Game seed: 7106699316591180718

23 Lanoc the Sneak (level 3, -5/29 HPs)
             Began as a Coglin Delver on Apr 2, 2024.
             Slain by a crocodile (9 damage)
             ... in a sewer.
             The game lasted 00:01:44 (293 turns).

Lanoc the Sneak (Coglin Delver)                      Turns: 293, Time: 00:01:45

Health: -5/29      AC:  3    Str: 12    XL:     3   Next: 0%
Magic:  3/3        EV: 11    Int:  9    God:
Gold:   0          SH:  0    Dex: 17    Spells: 2/2 levels left

rFire   . . .        a - +0 falchion {Mei}
rCold   . . .        h - +0 dagger {Conrad}
rNeg    . . .        b - +0 leather armour
rPois   .            (no helmet)
rElec   .            (no cloak)
rCorr   .            (no gloves)
SInv    .            (no boots)
Will    .....        (amulet unavailable)
Stlth   +++          (ring unavailable)
HPRegen 0.24/turn    (ring unavailable)
MPRegen 0.08/turn    (no gizmo)

%: no passive effects
@: hasted, revved, very quick
A: off-hand wielding, slow wielding, warmup strikes, no jewellery
a: Invent Gizmo


You were in a sewer.
You visited 1 branch of the dungeon, and saw 3 of its levels.
You also visited: Sewer.

Inventory:

Hand Weapons
 a - a +0 falchion (weapon) {Mei}
 h - a +0 dagger (offhand) {Conrad}
Armour
 b - a +0 leather armour (worn)
Wands
 g - a wand of digging (3)
Scrolls
 c - a scroll of fog
 e - a scroll of fear


   Skills:
 + Level 3.2 Fighting
 * Level 2.8 Long Blades
 + Level 2.1 Dodging
 - Level 4.1 Stealth


You had 2 spell levels left.
You didn't know any spells.
Your spell library was empty.

Dungeon Overview and Level Annotations

Branches:
Dungeon (5/15)              Sewer (1/1)
 Temple: D:4-7

Altars:


Innate Abilities, Weirdness & Mutations

You can wield a second weapon in your off-hand.
It takes a long time for you to wield or remove held weapons.
Your first few attacks do less damage.
You cannot equip rings or amulets.


Message History

You closely miss the crocodile with your +0 dagger.
The crocodile is lightly wounded.
You barely miss the crocodile with your +0 falchion.
You break out of your daze!
The crocodile barely misses you.
You miss the crocodile with your +0 dagger.
The crocodile is lightly wounded.
You hit the crocodile with your +0 falchion.
The crocodile barely misses you.
The sickly merfolk siren chants a haunting song.
You resist.
You closely miss the crocodile with your +0 falchion.
The crocodile is moderately wounded.
You hit the crocodile but do no damage.
The sickly merfolk siren chants a haunting song.
You resist. The crocodile closely misses you.
You closely miss the crocodile with your +0 falchion.
The crocodile is moderately wounded.
You closely miss the crocodile with your +0 dagger.
You hit the crocodile with your +0 falchion.
The crocodile is moderately wounded.
You hit the crocodile but do no damage.
The crocodile bites you but does no damage.
You hit the crocodile with your +0 falchion.
The crocodile is heavily wounded.
You barely miss the crocodile with your +0 dagger.
The crocodile bites you!
* * * LOW HITPOINT WARNING * * *
You hit the crocodile but do no damage.
The crocodile is heavily wounded.
You closely miss the crocodile with your +0 falchion.
You hit the crocodile but do no damage.
The crocodile is heavily wounded.
You closely miss the crocodile with your +0 falchion.
The crocodile barely misses you.
You hit the crocodile with your +0 dagger.
The crocodile is severely wounded.
You hit the crocodile with your +0 falchion.
The crocodile bites you!
You die...

### ##...~ #...~r~
#######...~~~#
#.@lm...~~~≈~#
#.##~~~~~~≈≈≈# ###
#.#≈≈≈###~####
..#############~~≈###
..
.~..~~~~~†~~~~~~≈≈#
$$#
≈≈≈≈≈≈≈~≈##########
## ############
.†...~~~~∩∩#
#####.~~~###


You could see a crocodile and a sickly merfolk siren.

Vanquished Creatures
  4 giant cockroaches (D:3)
  A hobgoblin (D:4)
  3 quokkas (D:3)
  3 ball pythons
  3 frilled lizards
  A kobold (D:4)
  10 rats (Sewer)
25 creatures vanquished.

Notes
Turn   | Place    | Note
-------+----------+-------------------------------------------
     0 | D:5      | Lanoc the Coglin Delver began the quest for the Orb.
     0 | D:5      | Reached XP level 1. HP: 18/18 MP: 1/1
    59 | D:3      | Noticed an ogre
    89 | D:3      | Reached XP level 2. HP: 22/24 MP: 2/2
    94 | D:3      | Found a glowing drain.
   110 | Sewer    | Entered a sewer
   258 | Sewer    | Noticed a crocodile
   278 | Sewer    | Reached XP level 3. HP: 28/29 MP: 3/3
   293 | Sewer    | Slain by a crocodile

Illustrated notes

Levels and vault maps discovered:
D:3:      layout_basic, general_overflow_altar, gup_sewer_entry_pipe
D:4:      layout_rooms, hellmonk_no_cap
D:5:      layout_basic, minmay_mini_ossuary, uniq_blork_the_orc
Sewer:    sewer_sea

Skill      XL: |  1 |
---------------+----+-----
Dodging        | 2 |  2.1
Fighting       | |  3.2
Long Blades    | |  2.8
Stealth        | |  4.1

Action                     || total
---------------------------++-------
  Melee: Falchion          ||    64
         Dagger            ||    60
    Use: Scroll            ||     1
         Potion            ||     1
   Stab: Sleeping          ||     3
 Armour: Leather armour    ||    31
  Dodge: Dodged            ||    52

Table legend: (Time is in decaauts)
 A = Elapsed time spent in this place.
 B = Non-inter-level travel time spent in this place.
 C = Inter-level travel time spent in this place.
 D = Time resting spent in this place.
 E = Time spent auto-exploring this place.
 F = Levels seen in this place.
 G = Mean time per level.
                   A        B        C        D        E       F      G
               +--------+--------+--------+--------+--------+-----+--------+
         Total |    306 |    306 |      0 |      7 |    105 |   4 |   76.5 |
       Dungeon |    114 |    114 |      0 |      7 |      0 |   3 |   38.0 |
         Sewer |    192 |    192 |      0 |      0 |    105 |   1 |  192.0 |
               +--------+--------+--------+--------+--------+-----+--------+

Top non-repeatable levels by time:
   Sewer: 192 daAuts
     D:3: 87 daAuts
     D:4: 22 daAuts
     D:5: 5 daAuts
